 Dungeon Crawl Stone Soup version 0.25-a0-1119-g28b6fd0c3b (webtiles) character file.

Game seed: 3758940435457784040, levelgen mode: deterministic

67 Esekla the Magician (level 4, -6/60 HPs)
             Began as an Octopode Wizard on May 17, 2020.
             Mangled by an ogre
             ... wielding a +0 giant club
              (21 damage)
             ... on level 4 of the Dungeon.
             The game lasted 00:10:22 (1185 turns).

Esekla the Magician (Octopode Wizard)               Turns: 1185, Time: 00:10:22

Health: -6/60      AC: 22    Str:  7    XL:     4   Next: 18%
Magic:  6/10       EV:  2    Int: 20    God:
Gold:   41         SH:  0    Dex: 10    Spells: 8/11 levels left

rFire    + . .     SeeInvis .   j - +0 short sword
rCold    . . .     Gourm    .   (no shield)
rNeg     + + +     Faith    .   (helmet currently unavailable)
rPois    +         Spirit   .   (no amulet)
rElec    .         Reflect  .   m - ring of protection from fire
rCorr    .         Harm     .   (no ring)
MR       .....     NoTele   +   (no ring)
Stlth    ..........             (no ring)
HPRegen  0.20/turn              (no ring)
MPRegen  0.12/turn              (no ring)
                                (no ring)
                                (no ring)

@: berserking, lethally poisoned (-6 -> -9), tree-form, very quick
A: almost no armour, stealthy swim, (amphibious), 8 rings, (constrict 8)
a: no special abilities


You were on level 4 of the Dungeon.
You were hungry.
You were a tree.
You visited 1 branch of the dungeon, and saw 5 of its levels.

You collected 41 gold pieces.

Inventory:

Hand Weapons
 j - a +0 short sword (weapon)
 n - a +0 trident
Armour
 a - a +0 hat (melded)
Jewellery
 m - a ring of protection from fire (left branch)
Scrolls
 b - 2 scrolls of amnesia {unknown}
 d - 2 scrolls of remove curse {unknown}
 g - a scroll of identify {unknown}
 k - a scroll of teleportation {unknown}
 o - a scroll of noise {unknown}
Potions
 e - a potion of lignification
 h - a potion of might {unknown}
 i - a potion of brilliance {unknown}
 l - a potion of mutation
 p - a potion of flight {unknown}
Comestibles
 c - 5 rations


   Skills:
 * Level 0.9 Fighting
 + Level 2.1 Dodging
 - Level 2.6 Stealth
 * Level 4.1 Spellcasting
 * Level 1.3 Conjurations
   Level 1.0 Summonings
 * Level 1.6 Translocations


You had 8 spell levels left.
You knew the following spells:

 Your Spells              Type           Power        Failure   Level  Hunger
a - Magic Dart            Conj           #...         8%          1    None
b - Blink                 Tloc           N/A          10%         2    #......

Your spell library contained the following spells:

 Spells                   Type           Power        Failure   Level  Hunger
 Call Imp                 Summ           #.......     13%         2    #......
 Slow                     Hex            #.......     19%         2    #......
 Conjure Flame            Conj/Fire      #.......     28%         3    ###....
 Mephitic Cloud           Conj/Pois/Air  #.......     32%         3    ###....


Dungeon Overview and Level Annotations

Branches:
Dungeon (5/15)
 Temple: D:4-7

Altars:
Trog


Innate Abilities, Weirdness & Mutations

You cannot wear most types of armour.
You are very stealthy in the water. (Stealth+)
((You are amphibious.))
You can wear up to eight rings at the same time.
((You can use your tentacles to constrict eight enemies at once.))
((Your skin changes colour to match your surroundings (Stealth+).))
((Your rubbery body absorbs attacks. (AC +1, EV +1)))
((You have a pair of small antennae on your head.))
((You are partially covered in yellow scales. (AC +2)))
((Your flesh is cold resistant. (rC+)))


Message History

You hit the scorpion.
The scorpion is moderately wounded.
You feel sick.
You puncture the scorpion!
The scorpion is almost dead.
The scorpion completely misses you. The ogre hits you but does no damage.
You hit the scorpion but do no damage.
The scorpion is almost dead.
You feel sick.
The scorpion stings you but does no damage.
You hit the scorpion.
You kill the scorpion!
Your Spellcasting skill increases to level 4!
You have reached level 3!
Your experience leads to an increase in your attributes!
Increase (S)trength, (I)ntelligence, or (D)exterity?
You feel stronger.
You have reached level 4!
The ogre hits you with a +0 giant club!!
You die...

...# ...##
....###
......
###....##
.......#
#....#
#######♣...#
#.....O....#
####.......#
#.........
#..........#
#..........#
#.....#.##.#
#######.# ..
#


You could see an ogre.

Vanquished Creatures
  A scorpion (D:4)
  An adder (D:5)
  2 bats
  2 hobgoblins (D:3)
  A quokka (D:5)
  A frilled lizard (D:3)
  A goblin (D:2)
  2 kobolds
  2 rats
13 creatures vanquished.

Notes
Turn   | Place    | Note
-------+----------+-------------------------------------------
     0 | D:1      | Esekla the Octopode Wizard began the quest for the Orb.
     0 | D:1      | Reached XP level 1. HP: 11/11 MP: 4/4
   733 | D:3      | Reached XP level 2. HP: 17/17 MP: 4/6
   737 | D:3      | Learned a level 2 spell: Blink
  1054 | D:5      | Entered Level 5 of the Dungeon
  1098 | D:5      | Noticed a sky beast
  1127 | D:5      | Found a bloodstained altar of Trog.
  1170 | D:4      | Noticed a scorpion
  1170 | D:4      | Noticed an ogre
  1177 | D:4      | Gained mutation: Your flesh is cold resistant. (rC+)
                  | [potion of mutation]
  1177 | D:4      | Gained mutation: You are partially covered in yellow
                  | scales. (AC +2) [potion of mutation]
  1177 | D:4      | Gained mutation: You have a pair of small antennae on your
                  | head. [potion of mutation]
  1185 | D:4      | Killed a scorpion
  1185 | D:4      | Reached skill level 4 in Spellcasting
  1185 | D:4      | Reached XP level 3. HP: 12/22 MP: 4/8
  1185 | D:4      | Reached XP level 4. HP: 15/27 MP: 5/10
  1185 | D:4      | Mangled by an ogre

Illustrated notes

Levels and vault maps discovered:
D:1:      minmay_arrival_arboretum_small, layout_loops_ring
D:2:      layout_basic, cheibrodos_gnoll_hut
D:3:      layout_basic, tso_metal_star, first_ration
D:4:      layout_basic, nicolae_overflow_crystal_walls, uniq_edmund
D:5:      layout_rooms, gammafunk_temple_overflow_wave, lemuel_doored_altar,
          basic_altar, kennysheep_potato, uniq_duvessa

Skill      XL: |  1  2 |
---------------+-------+-----
Spellcasting   | 4 |  4.1
Fighting       | |  0.9
Dodging        | |  2.1
Stealth        | |  2.6
Conjurations   | |  1.3
Summonings     | |  1.0
Translocations | |  1.6

Action                   |  1- 3 |  4- 6 || total
-------------------------+-------+-------++-------
Melee: Constrict         |     4 |       ||     4
       Unarmed           |     2 |       ||     2
       Short sword       |    13 |       ||    13
 Cast: Magic Dart        |    29 |       ||    29
       Blink             |     1 |       ||     1
  Use: Potion            |     3 |       ||     3
Armor: Skin              |     5 |       ||     5
Dodge: Dodged            |    12 |       ||    12

Table legend:
 A = Non-vault XP
 B = Vault XP
 C = Vault XP percentage of total XP
 D = Non-vault monster count
 E = Vault monster count
 F = Vault count percentage of total count
                 A         B        C        D         E       F
            +---------+---------+-------+---------+---------+-------
      Total |      97 |       0 |   0.0 |      13 |       0 |   0.0
            +---------+---------+-------+---------+---------+-------
        D:1 |       3 |       0 |   0.0 |       2 |       0 |   0.0
        D:2 |       6 |       0 |   0.0 |       4 |       0 |   0.0
        D:3 |       6 |       0 |   0.0 |       4 |       0 |   0.0
        D:4 |      67 |       0 |   0.0 |       1 |       0 |   0.0
        D:5 |      15 |       0 |   0.0 |       2 |       0 |   0.0
            +---------+---------+-------+---------+---------+-------
